 Dungeon Crawl Stone Soup version 0.28-a0-2-g643f2454ad (webtiles) character file.

Game seed: 13526374262572866696

140 Sobieck the Ruffian (level 5, -3/45 HPs)
             Began as a Ghoul Monk on July 22, 2021.
             Killed from afar by an orc wizard (7 damage)
             ... with a magic dart
             ... on level 3 of the Dungeon.
             The game lasted 00:04:18 (2408 turns).

Sobieck the Ruffian (Ghoul Monk)                    Turns: 2408, Time: 00:04:18

Health: -3/45      AC:  7    Str: 16    XL:     5   Next: 22%
Magic:  4/4        EV: 11    Int:  5    God:
Gold:   145        SH:  0    Dex: 11    Spells: 4/4 levels left

rFire   . . .      SeeInvis .     - Unarmed
rCold   + . .      Faith    .   (no shield)
rNeg    + + +      Spirit   .   n - +0 ring mail
rPois   ∞          Reflect  .   m - +0 helmet
rElec   .          Harm     .   (no cloak)
rCorr   .          Rampage  .   (no gloves)
Will    +....                   g - +0 pair of boots
Stlth   +.........              (no amulet)
HPRegen 0.00/turn               d - ring of willpower
MPRegen 0.09/turn               (no ring)

@: inhibited regen
A: claws 1, cold resistance 1, negative energy resistance 3, inhibited
regeneration, torment resistance 2
a: no special abilities


You were on level 3 of the Dungeon.
You visited 1 branch of the dungeon, and saw 3 of its levels.

You collected 145 gold pieces.


Innate Abilities, Weirdness & Mutations

You thrive by killing the living.
You are immune to poison.
You have sharp fingernails.
Your flesh is cold resistant. (rC+)
You are immune to negative energy. (rN+++)
You do not regenerate when monsters are visible.
You are immune to unholy pain and torment.


   Skills:
 - Level 3.2 Fighting
 - Level 2.6 Dodging
 - Level 2.1 Stealth
 + Level 6.3 Unarmed Combat


You had 4 spell levels left.
You didn't know any spells.
Your spell library was empty.

Inventory:

Missiles
 b - 43 stones (quivered) {throwing}
 i - 7 bolts
 k - 23 arrows
Armour
 a - a +0 robe
 g - a +0 pair of boots (worn)
   (You found it on level 1 of the Dungeon)
 l - a scarf of harm
   (You found it on level 2 of the Dungeon)
 m - a +0 helmet (worn)
   (You took it off Robin on level 1 of the Dungeon)
 n - a +0 ring mail (worn)
   (You found it on level 2 of the Dungeon)
Jewellery
 d - a ring of willpower (left claw)
   (You found it on level 1 of the Dungeon)
Scrolls
 c - 2 scrolls of magic mapping {unknown}
 e - a scroll of fear {unknown}
 j - 3 scrolls of teleportation {unknown}
 o - a scroll of vulnerability {unknown}
Potions
 f - 2 potions of haste {unknown}
 h - a potion of brilliance {unknown}

Dungeon Overview and Level Annotations

Branches:
Dungeon (3/15)

Altars:

..............#
###.##........#
#.. ..###...## #..
.........# #.#
#.....##.## . ...
..##......# .r .
#......## ###
#.......# #.#
........#@###....#
.########{.)....#
##))....#
.........
....#+##.. .....#
# ......# ........
.....##..


There were no monsters in sight!


Message History

Deactivating autopickup; reactivate with Ctrl-A.
The orc wizard casts a spell at you.
You resist with almost no effort. 😕 HP[-1]
You take 1 damage, and now have 31/38 hp.
You claw the orc wizard!
You kill the orc wizard!
You feel better. The endoplasm freezes you.
You are frozen.
You resist. The goblin barely misses you.
You have reached level 5!
You feel stronger. 😕 HP[+4] MP[+1]
You now have 45 max hp (+7).
You regained 4 hp, and now have 35/45 hp.
Your mp is fully restored (4).
Your ring mail prevents you from hitting the goblin.
The endoplasm hits you but does no damage.
The goblin hits you with a +0 dagger. 😕 HP[-1]
You take 1 damage, and now have 34/45 hp.
You scratch the goblin but do no damage.
The endoplasm hits you but does no damage.
The goblin hits you but does no damage.
You barely miss the goblin. The endoplasm freezes you.
You are frozen.
You resist. The goblin hits you with a +0 dagger. Something hits you.
Something burns you. 😮 HP[-4]
You take 4 damage, and now have 30/45 hp.
You closely miss the goblin. The endoplasm freezes you.
You are frozen.
You resist. The goblin hits you but does no damage.
Something hits you but does no damage. 😮 HP[-1]
You take 1 damage, and now have 29/45 hp.
You miss something. The endoplasm hits you.
The goblin hits you but does no damage.
Something hits you but does no damage. 😮 HP[-2]
You take 2 damage, and now have 27/45 hp.
You barely miss something. The endoplasm hits you.
The goblin hits you with a +0 dagger.
* * * LOW HITPOINT WARNING * * *
😨 HP[-5]
You take 5 damage, and now have 22/45 hp.
You closely miss something. Something hits you but does no damage.
The endoplasm freezes you.
You are frozen.
You resist.
* * * LOW HITPOINT WARNING * * *
😨 HP[-2]
You take 2 damage, and now have 20/45 hp.
Unknown command.
You claw the goblin!
You kill the goblin!
You feel better. 😨 HP[+2]
You regained 2 hp, and now have 22/45 hp.
You scratch the endoplasm but do no damage.
The endoplasm freezes you.
You are frozen.
You resist.
* * * LOW HITPOINT WARNING * * *
😨 HP[-2]
You take 2 damage, and now have 20/45 hp.
You scratch the endoplasm. The endoplasm freezes you.
You are frozen.
You resist.
You claw the endoplasm!
You kill the endoplasm!
You hear some strange, mumbled words.
A puff of flame appears from out of thin air!
The puff of flame misses you.
You hear some strange, mumbled words.
A puff of flame appears from out of thin air!
The puff of flame hits you.
* * * LOW HITPOINT WARNING * * *
Things that are here:
a +0 dagger {short}; a goblin corpse; 😨 HP[-3]
You take 3 damage, and now have 17/45 hp.
You closely miss something. Something hits you.
* * * LOW HITPOINT WARNING * * *
Something burns you.
* * * LOW HITPOINT WARNING * * *
😱 HP[-7]
You take 7 damage, and now have 10/45 hp.
You claw something! Something barely misses you.
You scratch something. Something hits you but does no damage.
You closely miss something. Something hits you.
* * * LOW HITPOINT WARNING * * *
Something burns you.
* * * LOW HITPOINT WARNING * * *
😱 HP[-6]
You take 6 damage, and now have 4/45 hp.
You closely miss something. You scratch something.
Something hits you but does no damage.
Unknown command.
You miss something.
You hear some strange, mumbled words.
A magic dart appears from out of thin air!
The magic dart hits you!
You die...

Skill      XL: |  1  2  3  4 |
---------------+-------------+-----
Unarmed Combat | 4 5 6 |  6.3
Fighting       | |  3.2
Dodging        | |  2.6
Stealth        | |  2.1

Action                   |  1- 3 |  4- 6 || total
-------------------------+-------+-------++-------
Melee: Unarmed           |    93 |   112 ||   205
       Punch             |     1 |     3 ||     4
Throw: Stone             |       |    13 ||    13
 Stab: Sleeping          |     4 |       ||     4
Armor: Robe              |    18 |    25 ||    43
       Ring mail         |       |    18 ||    18
Dodge: Dodged            |    55 |    64 ||   119

Levels and vault maps discovered:
D:1:      dpeg_arrival_shrine, layout_basic, minmay_misc_feat_enclosed,
          minmay_gold_behind_fungi, minmay_tetromino_t4
D:2:      layout_loops_corners, shapermc_ecumenical_altar_flowoftime,
          uniq_natasha, uniq_robin
D:3:      layout_basic, nicolae_gozag_cash_rules_everything_around_me,
          chequers_serial_rivers_micro_d, st_stairs_10, uniq_ijyb, uniq_sigmund

Notes
Turn   | Place    | Note
-------+----------+-------------------------------------------
     0 | D:1      | Sobieck the Ghoul Monk began the quest for the Orb.
     0 | D:1      | Reached XP level 1. HP: 19/19 MP: 0/0
     0 | D:1      | magus.rc [v1.9.6]
   170 | D:1      | Reached XP level 2. HP: 21/26 MP: 1/1
   184 | D:1      | Reached skill level 4 in Unarmed Combat
   586 | D:1      | Reached XP level 3. HP: 31/31 MP: 2/2
   885 | D:2      | Noticed Natasha
   896 | D:2      | Killed Natasha
   897 | D:2      | Reached skill level 5 in Unarmed Combat
  1404 | D:2      | Reached XP level 4. HP: 38/38 MP: 3/3
  1610 | D:2      | Found a faded altar of an unknown god.
  1696 | D:2      | Noticed Robin
  1990 | D:1      | Killed Robin
  2379 | D:3      | Reached skill level 6 in Unarmed Combat
  2388 | D:3      | Reached XP level 5. HP: 35/45 MP: 4/4
  2402 | D:3      | HP: 10/45 [something (2)]
  2405 | D:3      | HP: 4/45 [something (1)]
  2408 | D:3      | Killed from afar by an orc wizard

Vanquished Creatures
  Natasha (D:2)
  An orc wizard (D:3)
  Robin (D:1)
  3 dart slugs
  3 orcs (D:3)
  5 bats
  4 endoplasms
  A giant cockroach (D:2)
  9 goblins
  12 hobgoblins
  4 jackals (D:1)
  4 kobolds
  5 ball pythons
  3 frilled lizards
  7 rats
63 creatures vanquished.

Vanquished Creatures (others)
  2 fungi (D:1)
  10 plants (D:2)
  5 toadstools (D:1)
  11 withered plants (D:2)
28 creatures vanquished.

Grand Total: 91 creatures vanquished

Table legend:
 A = Non-vault XP
 B = Vault XP
 C = Vault XP percentage of total XP
 D = Non-vault monster count
 E = Vault monster count
 F = Vault count percentage of total count
                 A         B        C        D         E       F
            +---------+---------+-------+---------+---------+-------
      Total |     123 |      77 |  38.5 |      47 |      16 |  25.4
            +---------+---------+-------+---------+---------+-------
        D:1 |      35 |      38 |  52.1 |      19 |      13 |  40.6
        D:2 |      27 |      39 |  59.1 |      16 |       3 |  15.8
        D:3 |      61 |       0 |   0.0 |      12 |       0 |   0.0
            +---------+---------+-------+---------+---------+-------

Illustrated notes

Table legend:
 A = Kills in this place as a percentage of kills in entire the game.
 B = Kills by you in this place as a percentage of kills by you in the entire game.
 C = Kills by friends in this place as a percentage of kills by friends in the entire game.
 D = Other kills in this place as a percentage of other kills in the entire game.
 E = Experience gained in this place as a percentage of experience gained in the entire game.
 F = Experience gained in this place divided by the number of levels of this place that you have seen.
                   A       B       C       D       E      F
               +-------+-------+-------+-------+-------+----------------------
         Total | 100.0 | 100.0 |   N/A |   N/A | 100.0 |  66.7
       Dungeon | 100.0 | 100.0 |   N/A |   N/A | 100.0 |  66.7
               +-------+-------+-------+-------+-------+----------------------

Table legend: (Time is in decaauts)
 A = Elapsed time spent in this place.
 B = Non-inter-level travel time spent in this place.
 C = Inter-level travel time spent in this place.
 D = Time resting spent in this place.
 E = Time spent auto-exploring this place.
 F = Levels seen in this place.
 G = Mean time per level.
                   A        B        C        D        E       F      G
               +--------+--------+--------+--------+--------+-----+--------+
         Total |   2398 |   2336 |     62 |    563 |   1324 |   3 |  799.3 |
       Dungeon |   2398 |   2336 |     62 |    563 |   1324 |   3 |  799.3 |
               +--------+--------+--------+--------+--------+-----+--------+

Top non-repeatable levels by time:
     D:1: 1268 daAuts
     D:2: 1037 daAuts
     D:3: 92 daAuts
